 Dungeon Crawl Stone Soup version 0.27.0-1-g7a089689b8 (webtiles) character file.

Game seed: 7692534607804610531

6531 ZombieSheep the Fighter (level 11, -6/87 HPs)
             Began as a Ghoul Monk on Aug 4, 2021.
             Was an Elder of Hepliaklqana.
             Killed by divine providence
             ... invoked by a meliai
              (9 damage)
             ... on level 9 of the Dungeon.
             The game lasted 00:22:02 (12298 turns).

ZombieSheep the Fighter (Ghoul Monk)               Turns: 12298, Time: 00:22:03

Health: -6/87      AC: 12    Str: 17    XL:     11   Next: 1%
Magic:  15/15      EV: 10    Int:  8    God:    Hepliaklqana [****..]
Gold:   441        SH:  0    Dex: 19    Spells: 10/10 levels left

rFire    . . .     SeeInvis +   a - +3 glaive (protect)
rCold    + . .     Faith    .   (shield currently unavailable)
rNeg     + + +     Spirit   .   b - +0 chain mail
rPois    ∞         Reflect  .   n - +0 hat
rElec    .         Harm     .   e - +0 cloak
rCorr    +         Rampage  .   k - +0 pair of gloves
Will     .....                  (no boots)
Stlth    ..........             (no amulet)
HPRegen  0.00/turn              c - ring of see invisible
MPRegen  0.14/turn              l - ring of Esempeen {rPois rCorr Int+3 Dex+6}

@: inhibited regen
A: reduced essence, claws 1, cold resistance 1, negative energy resistance 3,
inhibited regeneration, torment resistance 2
a: Renounce Religion, Recall Ancestor, Ancestor Identity, Transference, Idealise


You were on level 9 of the Dungeon.
You worshipped Hepliaklqana.
Hepliaklqana was greatly pleased with you.
You visited 1 branch of the dungeon, and saw 9 of its levels.

You collected 441 gold pieces.

Inventory:

Hand Weapons
 a - a +3 glaive of protection (weapon)
 h - a +0 hand axe
Armour
 b - a +0 chain mail (worn)
 e - a +0 cloak (worn)
 k - a +0 pair of gloves (worn)
 n - a +0 hat (worn)
Jewellery
 c - a ring of see invisible (left hand)
 i - a ring of ice
 l - the ring of Esempeen (right hand) {rPois rCorr Int+3 Dex+6}
   (You took it off an orc on level 7 of the Dungeon)

   [ring of dexterity]

   Int:       It affects your intelligence (+3).
   Dex:       It affects your dexterity (+6).
   rPois:     It protects you from poison.
   rCorr:     It protects you from acid and corrosion.
Wands
 f - a wand of flame (16)
 g - a wand of digging (4)
Scrolls
 d - 2 scrolls of teleportation
 o - a scroll of magic mapping
 p - a scroll of amnesia
Potions
 j - a potion of haste
 m - a potion of cancellation


   Skills:
 + Level 9.0 Fighting
 - Level 4.3(5.7) Axes
 + Level 5.6(6.3) Polearms
 + Level 6.5 Armour
 + Level 7.3 Dodging
 - Level 2.1 Stealth
 + Level 7.6 Invocations


You had 10 spell levels left.
You didn't know any spells.
Your spell library contained the following spells:

 Spells                   Type           Power      Damage    Failure   Level
 Animate Skeleton         Necr           0%         N/A       99%         1
 Magic Dart               Conj           0%         1d3       99%         1
 Pain                     Necr           0%         1d4       99%         1
 Searing Ray              Conj           0%         3d3       100%        2
 Conjure Flame            Conj/Fire      0%         6-21      100%        3
 Dazzling Flash           Conj/Hex       0%         N/A       100%        3
 Ignite Poison            Fire/Tmut/Pois 0%         N/A       100%        3
 Stone Arrow              Conj/Erth      0%         3d7       100%        3
 Tukima's Dance           Hex            0%         N/A       100%        3
 Vampiric Draining        Necr           0%         2d6       100%        3
 Animate Armour           Summ/Erth      0%         N/A       100%        4
 Fulminant Prism          Conj/Hex       0%         3d6       100%        4
 Iskenderun's Mystic Bla  Conj/Tloc      0%         2d3       100%        4
 Passage of Golubria      Tloc           N/A        N/A       100%        4
 Sticky Flame             Conj/Fire      0%         2d3       100%        4
 Irradiate                Conj/Tmut      0%         3d13      100%        5
 Yara's Violent Unravell  Hex/Tmut       0%         3d3       100%        5
 Starburst                Conj/Fire      0%         8x6d3     100%        6
 Lehudib's Crystal Spear  Conj/Erth      0%         10d2      100%        8
 Blade Hands              Tmut           Unusable   N/A       N/A         5
 Dragon Form              Tmut           Unusable   N/A       N/A         7

Dungeon Overview and Level Annotations

Branches:
Dungeon (9/15)             Temple (0/1) D:7            Lair (0/6) D:9
    Orc: D:9-12

Altars:
Ashenzari
Cheibriados
Elyvilon
Gozag
Hepliaklqana
Qazlal
Trog
Uskayaw
Vehumet

Shops:
D:1 [   D:5 *(?

Annotations:
D:4 Duvessa


Innate Abilities, Weirdness & Mutations

Your life essence is reduced to manifest your ancestor. (-10% HP)
You thrive by killing the living.
You are immune to poison.
You have sharp fingernails.
Your flesh is cold resistant. (rC+)
You are immune to negative energy. (rN+++)
You do not regenerate when monsters are visible.
You are immune to unholy pain and torment.


Message History

The meliai closely misses NoFunAllow.
The meliai stings you but does no damage.
NoFunAllow closely misses the meliai.
The meliai hits you but does no damage.
The meliai hits NoFunAllow with a +2 vorpal war axe!
The meliai stings you but does no damage.
NoFunAllow hits the meliai with a +0 dagger of draining.
You slash the meliai!
The meliai is severely wounded.
The meliai mumbles some strange prayers to its god against you.
Something smites you!
The meliai hits you with a +2 vorpal war axe!
The meliai hits NoFunAllow with a +2 vorpal war axe!
The meliai stings you. The meliai hits you but does no damage.
The meliai hits NoFunAllow with a +2 vorpal war axe!
NoFunAllow is destroyed!
The meliai closely misses you.
You barely miss the meliai.
The meliai is severely wounded.
The meliai hits you but does no damage.
The meliai stings you but does no damage.
The meliai hits you but does no damage.
The meliai stings you but does no damage.
The meliai hits you with a +2 vorpal war axe!
* * * LOW HITPOINT WARNING * * *
x2 The meliai barely misses you.
You closely miss the meliai.
The meliai is severely wounded.
The meliai hits you but does no damage.
The meliai stings you but does no damage.
The meliai hits you with a +2 vorpal war axe.
* * * LOW HITPOINT WARNING * * *
x2 The meliai stings you but does no damage.
The meliai hits you with a +2 vorpal war axe!
* * * LOW HITPOINT WARNING * * *
x2 The meliai stings you but does no damage.
You barely miss the meliai.
The meliai is severely wounded.
The meliai calls down the wrath of its god upon you.
Something smites you!
You die...

'####...#
#.....###...#
........# #.
#...#.#.#...#
..>.....# #.
#.....#.#...#
........#
#.###.#####.#...#
........#
#.....#..##.'.#.#
##......#
#...).#..##.#...#
...####'##
#.....'..##.#...#
...'.....#
#.....#..##.#.#.#
.#.#.....#
#..)@.#..####...#
.#.#..##.#
#..##y#.... #...#
...#..# #..
..#..####.#.#
P..+... #..
..#..# ....#
##.#....
#.y#..#### ....#
.'.#..... #.....#
.#.#.###..
......# .#.# ...
.# ##.#


You could see a meliai.

Vanquished Creatures
  Pikel (D:7)
  A manticore (D:8)
  A komodo dragon (D:8)
  2 trolls
  2 meliai (D:9)
  A wraith (D:7)
  A wyvern (D:9)
  A shadow (D:7)
  2 yaks (D:9)
  Eustachio (D:4)
  A steam dragon (D:9)
  A water moccasin (D:8)
  A sky beast (D:6)
  3 orc warriors
  A centaur (D:9)
  A necrophage (D:6)
  An ogre (D:4)
  A phantom (D:4)
  4 bullfrogs
  A scorpion (D:9)
  A centaur zombie (D:9)
  4 orc priests
  2 hounds
  Crazy Yiuf (D:4)
  An iron imp (D:9)
  An iguana (D:4)
  Natasha (twice) (D:2)
  4 orc wizards
  A killer bee zombie (D:7)
  A howler monkey skeleton (D:4)
  6 adders
  A shadow imp (D:8)
  A white imp (D:7)
  3 worms
  3 dart slugs (D:1)
  23 orcs
  6 ball pythons
  6 bats
  8 endoplasms
  2 giant cockroaches (D:1)
  4 goblins
  9 hobgoblins
  7 jackals
  3 quokkas
  6 frilled lizards
  4 kobolds
  6 rats
144 creatures vanquished.

Vanquished Creatures (collateral kills)
  A manticore (D:7)
  2 wyverns
  Menkaure (D:7)
  An acid dragon (D:9)
  A water moccasin (D:9)
  A black bear (D:9)
  An orc warrior (D:6)
  A phantom (D:5)
  4 scorpions
  Dowan (D:4)
  A centaur zombie (D:5)
  2 jellies
  A bullfrog skeleton (D:7)
  3 iguanas
  A scorpion zombie (D:5)
  Natasha (D:2)
  3 adders
  2 dart slugs
  6 orcs
  3 bats
  An endoplasm (D:4)
  2 giant cockroaches
  A goblin (D:2)
  A hobgoblin (D:4)
  A kobold (D:4)
  A frilled lizard (D:2)
  A rat (D:3)
45 creatures vanquished.

Vanquished Creatures (others)
  6 hexers
  39 fungi (D:9)
  46 plants
91 creatures vanquished.

Grand Total: 280 creatures vanquished

Notes
Turn   | Place    | Note
-------+----------+-------------------------------------------
     0 | D:1      | ZombieSheep the Ghoul Monk began the quest for the Orb.
     0 | D:1      | Reached XP level 1. HP: 19/19 MP: 0/0
    71 | D:1      | Reached XP level 2. HP: 26/26 MP: 1/1
   569 | D:1      | Reached XP level 3. HP: 26/33 MP: 2/2
   804 | D:1      | Found a faded altar of an unknown god.
   839 | D:1      | Reached skill level 1 in Armour
   846 | D:1      | Reached skill level 4 in Fighting
  1091 | D:1      | Found Gumuk's Antique Armour Shoppe.
  1776 | D:2      | Reached XP level 4. HP: 31/40 MP: 3/3
  1958 | D:2      | Found a hazy altar of Hepliaklqana.
  1970 | D:2      | Became a worshipper of Hepliaklqana the Forgotten
  1970 | D:2      | Reached * piety under Hepliaklqana
  1970 | D:2      | Reached ** piety under Hepliaklqana
  1971 | D:2      | Remembered your ancestor NoFunAllow as a hexer
  2265 | D:2      | Noticed Natasha
  2274 | D:2      | Killed Natasha
  2275 | D:2      | Reached XP level 5. HP: 28/42 MP: 4/4
  2494 | D:2      | Noticed Natasha
  2505 | D:2      | Killed Natasha
  2755 | D:2      | Noticed Natasha
  2760 | D:2      | Killed Natasha
  3110 | D:3      | Found a broken altar of Ashenzari.
  3353 | D:4      | Noticed an ogre
  3366 | D:4      | Reached skill level 1 in Invocations
  3377 | D:4      | Found a hide-covered altar of Uskayaw.
  3391 | D:4      | Noticed a phantom
  3414 | D:4      | Killed a phantom
  3415 | D:4      | Reached skill level 5 in Fighting
  3415 | D:4      | Reached XP level 6. HP: 23/50 MP: 4/6
  3906 | D:4      | Reached XP level 7. HP: 40/54 MP: 7/7
  4007 | D:4      | Noticed Eustachio
  4021 | D:4      | Noticed Duvessa
  4021 | D:4      | Noticed Dowan
  4028 | D:5      | Entered Level 5 of the Dungeon
  4398 | D:5      | Found Vohelaa's Magic Scroll Shoppe.
  4509 | D:5      | Found Sesahet's Weapon Boutique.
  4518 | D:5      | Noticed a wyvern
  4530 | D:5      | Killed a wyvern
  5009 | D:5      | Found Irghoo Jimi's Assorted Antiques.
  5140 | D:5      | Reached *** piety under Hepliaklqana
  5163 | D:5      | Identified a scroll of acquirement
  5163 | D:5      | Acquired a +2 glaive of protection
  5365 | D:6      | Reached XP level 8. HP: 57/63 MP: 9/9
  5367 | D:6      | Reached skill level 6 in Fighting
  5453 | D:6      | Reached skill level 1 in Polearms
  6740 | D:7      | Found a staircase to the Ecumenical Temple.
  6740 | D:7      | Noticed Menkaure
  6740 | D:7      | Noticed a wraith
  6775 | D:7      | Noticed Pikel
  6833 | D:4      | Reached skill level 5 in Dodging
  7092 | D:4      | Killed Dowan
  7241 | D:4      | Killed Eustachio
  7502 | D:4      | Found a runed translucent door.
  7503 | D:4      | Noticed Crazy Yiuf
  7510 | D:4      | Killed Crazy Yiuf
  7511 | D:4      | Reached XP level 9. HP: 45/70 MP: 11/11
  7994 | D:7      | Reached skill level 7 in Fighting
  8034 | D:7      | Reached skill level 5 in Invocations
  8231 | D:7      | Killed Pikel
  8489 | D:7      | Killed Menkaure
  8490 | D:7      | Reached skill level 5 in Armour
  8500 | D:7      | Identified the ring of Esempeen {rPois rCorr Int+3 Dex+6}
  8724 | D:7      | Found a stormy altar of Qazlal.
  8805 | D:7      | Noticed a komodo dragon
  8808 | D:7      | Noticed a troll
  8810 | D:7      | Noticed a manticore
  9097 | D:8      | Noticed a manticore
  9107 | D:8      | Killed a manticore
  9108 | D:8      | Reached skill level 8 in Fighting
  9108 | D:8      | Reached XP level 10. HP: 72/79 MP: 13/13
  9179 | D:8      | Reached **** piety under Hepliaklqana
  9898 | D:9      | Found a snail-covered altar of Cheibriados.
 10735 | D:8      | Reached skill level 5 in Polearms
 11130 | D:7      | Found a hazy altar of Hepliaklqana.
 11141 | D:7      | Found an opulent altar of Gozag.
 11170 | D:7      | Found a bloodstained altar of Trog.
 11222 | D:7      | Found a radiant altar of Vehumet.
 11581 | D:7      | Killed a manticore
 11809 | D:9      | Found a staircase to the Lair.
 12000 | D:9      | Reached skill level 9 in Fighting
 12293 | D:9      | Reached XP level 11. HP: 86/87 MP: 15/15
 12297 | D:9      | HP: 4/87 [meliai (7)]
 12298 | D:9      | Killed from afar by a meliai

Illustrated notes

Levels and vault maps discovered:
D:1:      roderic_chinese_lattice_arrival, layout_basic, serial_shops,
          nicolae_shop_crystal, ebering_ecumenical_altar_petrified, st_stairs_13
D:2:      layout_rooms, basic_altar, guppyfry_early_lair_pool, uniq_natasha
D:3:      layout_rooms, lemuel_crystal_altar
D:4:      layout_cave_pools, mainiacjoe_overflow_surrounded_room, uniq_duvessa,
          uniq_eustachio, uniq_crazy_yiuf_cottage
D:5:      layout_basic, serial_shops, nicolae_shop_statue_plus,
          nicolae_shop_window_shopping,
          nicolae_shop_temple_entry_statues_fountains
D:6:      layout_layer_cave, kennysheep_another_room
D:7:      minmay_blocky_corners, layout_basic, elyvilon_altar_1,
          nicolae_overflow_quartered_altars, kennysheep_mini_moat,
          minmay_temple_entry_offerings, uniq_pikel, uniq_menkaure
D:8:      layout_loops_cross
D:9:      layout_stronghold, slow_altar_2, due_lair_maze_entry_diamond

Skill      XL: |  1  2  3  4  5  6  7  8  9 10 |
---------------+-------------------------------+-----
Dodging        | 3 4 5 6 7 |  7.3
Armour         | 1 2 3 4 5 6 |  6.5
Axes           | 3 4 |  4.3
Fighting       | 4 5 6 8 9 |  9.0
Invocations    | 1 2 3 4 6 7 |  7.6
Polearms       | 2 4 5 |  5.6
Stealth        | |  2.1

Action                   |  1- 3 |  4- 6 |  7- 9 | 10-12 || total
-------------------------+-------+-------+-------+-------++-------
Melee: Hand axe          |   132 |   120 |    59 |       ||   311
       Glaive            |       |       |   190 |   141 ||   331
Invok: Ancestor Life: He |       |     1 |       |       ||     1
       Ancestor Identity |       |     1 |       |       ||     1
       Recall Ancestor   |       |     1 |     1 |       ||     2
Evoke: Wand              |       |       |       |     2 ||     2
  Use: Scroll            |     1 |     1 |    10 |     8 ||    20
       Potion            |       |     2 |     2 |       ||     4
 Stab: Sleeping          |     4 |     6 |       |       ||    10
       Distracted        |       |     2 |     2 |     2 ||     6
       Confused          |       |       |     2 |     6 ||     8
Armor: Robe              |    26 |    15 |       |       ||    41
       Ring mail         |       |     4 |     9 |       ||    13
       Chain mail        |       |       |   170 |   122 ||   292
Dodge: Dodged            |    96 |    67 |   150 |   103 ||   416
